 Dungeon Crawl Stone Soup version 0.20.1-1-g8b1a95d (console) character file.

25877 hilaritas the Bringer of Light (level 13, -3/103 (104) HPs)
             Began as a Formicid Fighter on Mar 5, 2018.
             Was the Champion of the Shining One.
             Splashed by an oklob plant's acid (16 damage)
             ... on level 2 of the Lair of Beasts.
             The game lasted 00:38:42 (15472 turns).

hilaritas the Bringer of Light (Formicid Fighter)  Turns: 15472, Time: 00:38:43

HP:   -3/103 (104)  AC:  7    Str: 26    XL:     13   Next: 53%
MP:   20/22         EV: 15    Int:  8    God:    the Shining One [******]
Gold: 733           SH: 24    Dex: 10    Spells: 8/12 levels left

rFire    + . .     SeeInvis +   y - +2 war axe (freeze)
rCold    . . .     Gourm    .   c - +1 shield
rNeg     + + +     Faith    +   g - +0 plate armour
rPois    .         Spirit   .   (helmet unavailable)
rElec    .         Reflect  .   a - +0 cloak
rCorr    .         Harm     .   (no gloves)
MR       +....                  k - +2 pair of boots
Stlth    ..........             G - amulet of faith
Regen    0.3/turn               o - +5 ring of evasion
MPRegen  0.2/turn               m - ring of protection from fire

@: divine shield, corroded, glowing
A: permanent stasis, dig shafts and tunnels, four strong arms, antennae 3
a: Dig, Shaft Self, Divine Shield, Cleansing Flame, Summon Divine Warrior, Brand
Weapon With Holy Wrath, Renounce Religion


You were on level 2 of the Lair of Beasts.
You worshipped the Shining One.
The Shining One was exalted by your worship.
You were hungry.

You visited 2 branches of the dungeon, and saw 15 of its levels.

You collected 733 gold pieces.

Inventory:

Hand Weapons
 y - a +2 war axe of freezing (weapon)
 E - a +2 scimitar of flaming
 F - a +2 war axe of freezing
Missiles
 v - 11 tomahawks (quivered)
 H - 145 arrows
Armour
 a - a +0 cloak (worn)
 c - a +1 shield (worn)
 g - a +0 plate armour (worn)
 k - a +2 pair of boots (worn)
Jewellery
 l - an uncursed ring of protection from fire
 m - a ring of protection from fire (right hand)
 o - a +5 ring of evasion (left hand)
 t - an uncursed ring of protection from cold
 G - an amulet of faith (around neck)
Wands
 j - a wand of acid (5/15)
 q - a wand of iceblast (6/15)
 r - a wand of iceblast (9/15)
 w - a wand of enslavement (18/24)
 C - a wand of lightning (8/15)
 J - a wand of enslavement (12/24)
 N - a wand of confusion (17/48)
 P - a wand of acid (8/15)
Scrolls
 b - a scroll of amnesia
 p - 3 scrolls of fog
 A - 5 scrolls of remove curse
 I - a scroll of recharging
 M - a scroll of fear
Potions
 d - 4 potions of might
 e - 2 potions of brilliance
 h - 2 potions of ambrosia
 i - 5 potions of curing
 n - 5 potions of flight
 u - a potion of resistance
 x - 2 potions of lignification
 B - a potion of cancellation
 K - a potion of heal wounds {unknown}
 L - 2 potions of mutation {unknown}
 O - a potion of magic {unknown}
Comestibles
 f - 9 bread rations
 s - 7 meat rations
 z - 21 fruits
 D - 2 royal jellies
 Q - 7 chunks of flesh


   Skills:
 - Level 10.7 Fighting
 - Level 10.4 Axes
 - Level 10.0 Armour
 + Level 6.1 Dodging
 - Level 10.0 Shields
 * Level 12.8 Invocations


You had 8 spell levels left.
You knew the following spells:

 Your Spells              Type           Power        Failure   Level  Hunger
a - Sticks to Snakes      Tmut           #.......     99%         2    ###....
b - Apportation           Tloc           #.....       99%         1    ##.....
c - Summon Butterflies    Summ           #.......     99%         1    ##.....


Dungeon Overview and Level Annotations

Branches:
Dungeon (13/15)            Temple (0/1) D:6            Lair (2/6) D:8
 Spider (0/4) Lair:2          Orc (0/2) D:12
  Swamp: Lair:2-4    Shoals: Lair:2-4    Vaults: D:13-14

Altars:
Ashenzari
Cheibriados
Dithmenos
Gozag
Hepliaklqana
Kikubaaqudgha
Okawaru
Qazlal
Uskayaw
Vehumet
Yredelemnul
Zin
The Shining One

Annotations:
Lair:2 exclusion: 3 oklob plants


Innate Abilities, Weirdness & Mutations

You cannot be hasted, slowed, berserked, paralysed or teleported.
You can dig through walls and to a lower floor.
Your four strong arms can wield two-handed weapons with a shield.
You have a pair of large antennae on your head. (SInv)


Message History

The oklob plant spits acid at you. The splash of acid hits you!
You are splashed with acid!
The acid burns!
You slash the oklob plant! You freeze the oklob plant.
The oklob plant is heavily damaged.
You hit the plant but do no damage. The oklob plant spits acid at you.
The splash of acid hits you! The acid corrodes you!
You are splashed with acid!
The acid burns!
The oklob plant spits acid at you. The splash of acid hits you!
You are splashed with acid!
The acid burns!
The oklob plant spits acid at you. The splash of acid hits you!
You are splashed with acid!
The acid burns!
* * * LOW HITPOINT WARNING * * *
You see here a quarterstaff.
Unknown command.
The oklob plant spits acid at you. The splash of acid hits you!
* * * LOW HITPOINT WARNING * * *
The acid corrodes you!
You are splashed with acid!
The acid burns!
You die...

.....................##
.....................#
..................###
..........#.......#
#.#.#P.....P....##
.$.....##......###
........#...†...P##
.............÷....#
.................##
..#.........###### .
#..#.#P..@PP(P$#
#[.........):$.#
........../.?.#
.......:.PP...#
.........######
.......... ..........
.#......... .#........


You could see 3 oklob plants.

Vanquished Creatures
  The ghost of xight the Thaumaturge, a journeyman DEFE of Vehumet (D:12)
  Erica (D:8)
  2 two-headed ogres
  A tengu warrior (D:10)
  The ghost of hilaritas the Cleaver, a novice FoFi (D:7)
  2 unseen horrors (D:10)
  A deep elf mage (D:12)
  2 ugly things
  A wolf spider (D:11)
  2 cyclopes
  Maurice (D:10)
  A manticore (D:13)
  A gargoyle (D:12)
  2 black mambas
  4 spiny frogs
  A komodo dragon (D:11)
  3 trolls
  Grinder (D:4)
  4 slime creatures (D:12)
  2 hippogriffs
  10 blink frogs (Lair:1)
  A meliai zombie (D:12)
  13 yaks
  Sigmund (D:3)
  2 wraiths (D:12)
  A wyvern (D:11)
  Eustachio (D:4)
  A steam dragon (D:12)
  4 hungry ghosts
  2 basilisks
  Menkaure (D:4)
  2 wargs (D:12)
  3 water moccasins
  6 porcupines
  2 sky beasts
  An eye of draining (D:9)
  4 orc warriors
  A necrophage (D:6)
  3 black bears
  2 ice beasts
  2 phantoms
  6 centaurs
  An ogre (D:8)
  7 crocodiles
  2 big kobolds (D:10)
  10 bullfrogs
  6 scorpions
  15 killer bees
  3 howler monkeys
  10 wights
  7 crimson imps
  A centaur zombie (D:9)
  6 hounds
  3 quasits
  2 jellies
  9 orc priests
  3 centaur skeletons
  13 orc wizards
  A bullfrog skeleton (D:9)
  3 iguanas
  Ijyb (D:4)
  6 worker ants
  Natasha (thrice) (D:4)
  A killer bee zombie (D:9)
  2 hound zombies (D:5)
  A worker ant zombie (D:8)
  Robin (D:4)
  A howler monkey skeleton (D:7)
  8 adders
  5 shadow imps
  An ooze (D:3)
  An adder zombie (D:8)
  4 adder skeletons
  2 worms
  A dart slug (D:1)
  10 leopard geckos
  53 orcs
  7 bats
  3 giant cockroaches
  16 goblins
  12 hobgoblins
  5 jackals
  5 quokkas
  2 ball pythons (D:2)
  3 frilled lizards
  22 kobolds
  2 leopard gecko skeletons
  A leopard gecko zombie (D:5)
  3 quokka skeletons
  7 rats
  3 fungi
  2 plants
399 creatures vanquished.

Vanquished Creatures (others)
  16 fungi (D:8)
  9 plants
25 creatures vanquished.

Grand Total: 424 creatures vanquished

Notes
Turn   | Place    | Note
-------+----------+-------------------------------------------
     0 | D:1      | hilaritas the Formicid Fighter began the quest for the Orb.
     0 | D:1      | Reached XP level 1. HP: 18/18 MP: 1/1
   537 | D:1      | Reached XP level 2. HP: 24/24 MP: 2/2
  1088 | D:2      | Found a basalt altar of Yredelemnul.
  1171 | D:2      | Found a snail-covered altar of Cheibriados.
  1259 | D:2      | Reached XP level 3. HP: 27/29 MP: 3/3
  1363 | D:2      | Found a glowing golden altar of the Shining One.
  1368 | D:2      | Became a worshipper of the Shining One
  1625 | D:2      | Found a hazy altar of Hepliaklqana.
  1887 | D:2      | Reached XP level 4. HP: 36/36 MP: 4/4
  2232 | D:3      | Reached XP level 5. HP: 41/42 MP: 5/5
  2306 | D:3      | Reached skill level 1 in Invocations
  2405 | D:3      | Noticed Sigmund
  2414 | D:3      | Killed Sigmund
  2414 | D:3      | Reached skill level 5 in Axes
  2414 | D:3      | Reached XP level 6. HP: 47/48 MP: 5/7
  2492 | D:3      | Reached * piety under the Shining One
  2492 | D:3      | Reached skill level 2 in Invocations
  2522 | D:3      | Found a hide-covered altar of Uskayaw.
  2784 | D:4      | Noticed Robin
  2794 | D:4      | Reached XP level 7. HP: 55/55 MP: 8/8
  2804 | D:4      | Killed Robin
  2805 | D:4      | Noticed Ijyb
  2820 | D:4      | Killed Ijyb
  3063 | D:4      | Noticed Menkaure
  3072 | D:4      | Killed Menkaure
  3322 | D:4      | Reached XP level 8. HP: 61/61 MP: 10/10
  3341 | D:4      | Noticed Eustachio
  3342 | D:4      | Noticed Natasha
  3347 | D:4      | Killed Natasha
  3371 | D:4      | Killed Eustachio
  3371 | D:4      | Reached skill level 5 in Fighting
  3371 | D:4      | Reached skill level 5 in Shields
  3371 | D:4      | Reached skill level 3 in Invocations
  3688 | D:4      | Noticed Natasha
  3688 | D:4      | Reached ** piety under the Shining One
  3693 | D:4      | Killed Natasha
  3701 | D:4      | Noticed Natasha
  3709 | D:4      | Killed Natasha
  3947 | D:4      | Noticed Grinder
  3989 | D:4      | Killed Grinder
  4028 | D:5      | Entered Level 5 of the Dungeon
  4299 | D:5      | Reached XP level 9. HP: 68/68 MP: 11/11
  4960 | D:5      | Found a shadowy altar of Dithmenos.
  4985 | D:4      | Found an opulent altar of Gozag.
  5257 | D:6      | Noticed a brown ugly thing
  5267 | D:6      | Killed a brown ugly thing
  5267 | D:6      | Reached skill level 4 in Invocations
  5638 | D:6      | Reached skill level 10 in Axes
  5657 | D:6      | Learned a level 2 spell: Sticks to Snakes
  5700 | D:6      | Found a staircase to the Ecumenical Temple.
  5877 | D:6      | Reached *** piety under the Shining One
  5936 | D:6      | Found a stormy altar of Qazlal.
  5936 | D:6      | Found a radiant altar of Vehumet.
  5937 | D:6      | Found a glowing silver altar of Zin.
  6374 | D:7      | Found a shattered altar of Ashenzari.
  6423 | D:7      | Reached XP level 10. HP: 74/76 MP: 13/13
  6441 | D:7      | Noticed hilaritas's ghost (novice FoFi)
  6463 | D:7      | Killed hilaritas's ghost
  6463 | D:7      | Reached skill level 5 in Invocations
  7214 | D:8      | Noticed Erica
  7226 | D:8      | Killed Erica
  7226 | D:8      | Reached skill level 6 in Invocations
  7341 | D:8      | Found an iron altar of Okawaru.
  7520 | D:8      | Noticed a two-headed ogre
  7555 | D:8      | Found a staircase to the Lair.
  7579 | D:8      | Killed a two-headed ogre
  7935 | D:8      | Reached XP level 11. HP: 83/89 MP: 16/16
  8214 | D:8      | Reached **** piety under the Shining One
  8224 | D:8      | Reached skill level 7 in Invocations
  8233 | D:8      | Reached skill level 10 in Fighting
  8252 | D:8      | Found an ancient bone altar of Kikubaaqudgha.
  9343 | D:9      | Found an opulent altar of Gozag.
  9554 | D:10     | Entered Level 10 of the Dungeon
  9580 | D:10     | Reached ***** piety under the Shining One
  9928 | D:10     | Reached skill level 8 in Invocations
 10191 | D:10     | Reached skill level 10 in Shields
 10243 | D:10     | Noticed Maurice
 10253 | D:10     | Killed Maurice
 10272 | D:10     | Noticed a tengu warrior
 10295 | D:10     | HP: 9/91 [tengu warrior/uncursed dire flail (12)]
 10299 | D:10     | HP: 2/136 [tengu warrior/uncursed dire flail (5)]
 10301 | D:10     | Killed a tengu warrior
 10301 | D:10     | Reached skill level 1 in Dodging
 10388 | D:10     | Noticed an unseen horror
 10401 | D:10     | Killed an unseen horror
 10401 | D:10     | Reached skill level 5 in Armour
 10744 | D:10     | Noticed an unseen horror
 10761 | D:10     | Killed an unseen horror
 10761 | D:10     | Reached skill level 9 in Invocations
 10761 | D:10     | Reached XP level 12. HP: 95/98 MP: 18/18
 11951 | D:12     | Found a staircase to the Orcish Mines.
 11976 | D:12     | Noticed xight's ghost (journeyman DEFE)
 11995 | D:12     | Killed xight's ghost
 11995 | D:12     | Reached skill level 10 in Invocations
 12110 | D:12     | Noticed a two-headed ogre
 12121 | D:12     | Killed a two-headed ogre
 12803 | D:12     | Reached XP level 13. HP: 87/103 MP: 20/20
 13243 | D:13     | Reached ****** piety under the Shining One
 13724 | Lair:1   | Entered Level 1 of the Lair of Beasts
 13743 | Lair:1   | Reached skill level 5 in Dodging
 13745 | Lair:1   | Reached skill level 10 in Armour
 13786 | Lair:1   | Reached skill level 11 in Invocations
 14457 | Lair:1   | Reached skill level 12 in Invocations
 14883 | Lair:1   | Learned a level 1 spell: Apportation
 14885 | Lair:1   | Learned a level 1 spell: Summon Butterflies
 15172 | Lair:2   | Found a hole to the Spider Nest.
 15472 | Lair:2   | Splashed by an oklob plant's acid

Skill      XL: |  1  2  3  4  5  6  7  8  9 10 11 12 13 |
---------------+----------------------------------------+-----
Shields        | 4 5 6 8 10 | 10.0
Axes           | 3 5 6 8 10 | 10.4
Invocations    | 1 2 3 4 6 9 10 12 | 12.8
Fighting       | 4 5 6 9 10 | 10.7
Armour         | 5 9 10 | 10.0
Dodging        | 2 4 6 |  6.1

Action                   |  1- 3 |  4- 6 |  7- 9 | 10-12 | 13-15 || total
-------------------------+-------+-------+-------+-------+-------++-------
Melee: War axe           |   144 |   125 |   248 |   642 |   203 ||  1362
Throw: Tomahawk          |       |       |       |     3 |       ||     3
Invok: Divine Shield     |       |       |     1 |     4 |     2 ||     7
  Use: Scroll            |     7 |       |     6 |    11 |     2 ||    26
       Potion            |       |       |       |     1 |       ||     1
  Eat: Chunk             |     3 |     3 |    10 |    28 |     7 ||    51
       Royal jelly       |       |       |     1 |       |       ||     1
       Fruit             |       |       |       |     4 |     2 ||     6
Armor: Plate armour      |    88 |    49 |   119 |   170 |    60 ||   486
       Skin              |       |       |       |     2 |       ||     2
Dodge: Dodged            |    32 |    45 |   109 |   239 |    61 ||   486
Block: Shield            |    83 |    65 |   142 |   391 |   131 ||   812
